 Dungeon Crawl Stone Soup version 0.25-a0-942-g87a5396 (webtiles) character file.

Game seed: 2154294825881634043, levelgen mode: deterministic

43 DrEnzyme the Chopper (level 3, 0/20 HPs)
             Began as a Kobold Wanderer on May 7, 2020.
             Slain by a worm (6 damage)
             ... on level 2 of the Dungeon.
             The game lasted 00:02:22 (1826 turns).

DrEnzyme the Chopper (Kobold Wanderer)              Turns: 1826, Time: 00:02:23

Health: 0/20       AC:  2    Str:  8    XL:     3   Next: 82%
Magic:  6/6        EV: 13    Int: 16    God:
Gold:   36         SH:  0    Dex: 13    Spells: 5/6 levels left

rFire    . . .     SeeInvis .   a - +2 hand axe
rCold    . . .     Gourm    .   (shield restricted)
rNeg     . . .     Faith    .   d - +0 robe
rPois    .         Spirit   .   (no helmet)
rElec    .         Reflect  .   (no cloak)
rCorr    .         Harm     .   (no gloves)
MR       .....                  (no boots)
Stlth    ++........             (no amulet)
HPRegen  0.06/turn              (no ring)
MPRegen  0.10/turn              (no ring)

@: no status effects
A: small, carnivore
a: no special abilities


You were on level 2 of the Dungeon.
You were full.

You visited 1 branch of the dungeon, and saw 2 of its levels.

You collected 36 gold pieces.

Inventory:

Hand Weapons
 a - a +2 hand axe (weapon)
Missiles
 i - 4 poisoned darts (quivered)
Armour
 c - a +0 leather armour of poison resistance
 d - a +0 robe (worn)
Scrolls
 b - a scroll of identify {unknown}
 e - a scroll of immolation {unknown}
 g - a scroll of amnesia {unknown}
 h - a scroll of remove curse {unknown}
 j - a scroll of enchant weapon {unknown}
Comestibles
 f - 4 rations


   Skills:
 * Level 0.5 Fighting
 * Level 3.5 Axes
 + Level 0.1 Dodging
 + Level 2.0 Stealth
 - Level 2.1 Spellcasting
   Level 2.4 Charms
   Level 1.2 Evocations


You had 5 spell levels left.
You knew the following spells:

 Your Spells              Type           Power        Failure   Level  Hunger
a - Freeze                Ice            #...         21%         1    #......

Your spell library contained the following spells:

 Spells                   Type           Power        Failure   Level  Hunger
 Ozocubu's Armour         Chrm/Ice       #.......     36%         3    ###....
 Frozen Ramparts          Ice            #.....       52%         3    ###....


Dungeon Overview and Level Annotations

Branches:
Dungeon (2/15)

Altars:

Annotations:
D:2 Sigmund


Innate Abilities, Weirdness & Mutations

You are small and have problems with some larger weapons.
You are carnivorous and can eat meat at any time.


Message History

The ooze hits you.
The kobold throws a stone.
The stone barely misses you.
The kobold throws a stone.
The stone barely misses you.
There is an open door here.
You see here a stone.
You hit the ooze.
The ooze is moderately wounded.
The ooze closely misses you.
You slash the ooze!
You kill the ooze!
You hit the worm.
The worm is lightly wounded.
You hit the worm.
The worm is moderately wounded.
The worm bites you!
Ouch! That really hurt!
* * * LOW HITPOINT WARNING * * *
You barely miss the worm.
The worm is moderately wounded.
The worm bites you.
You die...

#.# ##### #.# ...# #.# #
####.########.#
#.########.............#
#.......##.##.##########
#.......##.##.#
#.......##.##.#
#......gw@.##.#
#......K#####.#
#.......# #.# #.......#
#.# #.##'#### #.. # #. #


You could see a worm, a hobgoblin and a kobold.

Vanquished Creatures
  Terence (D:2)
  An ooze (D:2)
  A dart slug (D:1)
  3 goblins
  2 hobgoblins (D:1)
  A bat (D:1)
  3 frilled lizards
  A kobold (D:2)
13 creatures vanquished.

Notes
Turn   | Place    | Note
-------+----------+-------------------------------------------
     0 | D:1      | DrEnzyme the Kobold Wanderer began the quest for the Orb.
     0 | D:1      | DrEnzyme set off with the following items: a +2 hand axe, a
                  | +0 robe, a ration; and the following spell memorised:
                  | Freeze; and the following spells available to memorise:
                  | Ozocubu's Armour, Frozen Ramparts
     0 | D:1      | Reached XP level 1. HP: 10/10 MP: 3/3
   683 | D:1      | Reached XP level 2. HP: 14/15 MP: 5/5
  1417 | D:2      | Reached skill level 3 in Axes
  1470 | D:2      | Noticed Terence
  1497 | D:2      | Killed Terence
  1497 | D:2      | Reached XP level 3. HP: 13/20 MP: 6/6
  1632 | D:2      | Noticed Sigmund
  1826 | D:2      | Slain by a worm

Levels and vault maps discovered:
D:1:      sevenhm_arrival_forest_fort_small_3, layout_basic,
          minmay_misc_feat_rugged, chequers_jeans, lemuel_old_faithful
D:2:      layout_basic, uniq_terence, uniq_sigmund

Skill      XL: |  1  2 |
---------------+-------+-----
Axes           | 3 |  3.5
Stealth        | 2 |  2.0
Fighting       | |  0.5
Dodging        | |  0.1
Spellcasting   | |  2.1
Charms         | |  2.4
Evocations     | |  1.2

Action                   || total
-------------------------++-------
Melee: Hand axe          ||    42
Throw: Dart              ||     6
 Cast: Freeze            ||     1
 Stab: Sleeping          ||     1
  Eat: Chunk             ||     8
Armor: Robe              ||     6
Dodge: Dodged            ||    27

Table legend:
 A = Non-vault XP
 B = Vault XP
 C = Vault XP percentage of total XP
 D = Non-vault monster count
 E = Vault monster count
 F = Vault count percentage of total count
                 A         B        C        D         E       F
            +---------+---------+-------+---------+---------+-------
      Total |      26 |      36 |  58.1 |      12 |       1 |   7.7
            +---------+---------+-------+---------+---------+-------
        D:1 |      15 |       0 |   0.0 |       8 |       0 |   0.0
        D:2 |      11 |      36 |  76.6 |       4 |       1 |  20.0
            +---------+---------+-------+---------+---------+-------
